 Dungeon Crawl Stone Soup version 0.32-a0-975-g85d4e5bfdb (webtiles) character file.

Game seed: 9199124958687396818

1195 Adrian566 the Slasher (level 8, -4/61 HPs)
             Began as a Demonspawn Gladiator on Apr 18, 2024.
             Slain by a sleepcap (15 damage)
             ... on level 6 of the Dungeon.
             The game lasted 00:05:49 (6928 turns).

Adrian566 the Slasher (Demonspawn Gladiator)        Turns: 6928, Time: 00:05:49

Health: -4/61      AC:  7    Str: 14    XL:     8   Next: 20%
Magic:  8/8        EV:  2    Int: 10    God:
Gold:   241        SH:  0    Dex: 16    Spells: 7/7 levels left

rFire   . . .        a - +2 long sword (flame)
rCold   + . .        (no shield)
rNeg    . . .        b - +1 leather armour
rPois   +            (helmet restricted)
rElec   .            g - +1 cloak {rCorr}
rCorr   +            j - +0 pair of gloves
SInv    .            (no boots)
Will    .....        r - amulet of the acrobat
Stlth   ++           (no ring)
HPRegen 0.30/turn    (no ring)
MPRegen 0.11/turn

%: acrobat
@: sleeping
A: horns 2, sturdy frame 1, demonic magic 1, cold resistance 1, poison
resistance, wild magic 1
a: no special abilities


You were on level 6 of the Dungeon.
You visited 1 branch of the dungeon, and saw 6 of its levels.

You collected 241 gold pieces.

Inventory:

Hand Weapons
 a - a +2 long sword of flaming (weapon)
Missiles
 d - 3 throwing nets (quivered)
 e - 7 javelins
Armour
 b - a +1 leather armour (worn)
 c - a +0 helmet
 g - a +1 cloak of preservation (worn)
 j - a +0 pair of gloves (worn)
Jewellery
 r - an amulet of the acrobat (around neck)
Wands
 m - a wand of paralysis (10)
Scrolls
 f - a scroll of silence
 i - 2 scrolls of revelation
 l - a scroll of enchant armour
Potions
 h - a potion of mutation


   Skills:
 + Level 4.4 Fighting
 + Level 7.2 Long Blades
 + Level 1.8 Throwing
 + Level 0.6 Armour
 + Level 4.4 Dodging
 + Level 2.8 Stealth


You had 7 spell levels left.
You didn't know any spells.
Your spell library contained the following spells:

 Spells                   Type           Power      Damage    Failure   Level
 Magic Dart               Conj           0%         1d3       45%         1
 Shock                    Conj/Air       0%         1d3       45%         1
 Sting                    Conj/Alch      0%         1d3       45%         1
 Blink                    Tloc           0%         N/A       61%         2
 Call Imp                 Summ           0%         N/A       61%         2
 Jinxbite                 Hex            0%         N/A       61%         2
 Mercury Vapours          Alch/Air       0%         N/A       61%         2
 Swiftness                Air            0%         N/A       82%         3
 Airstrike                Air            0%         2d(0-16)  99%         4
 Leda's Liquefaction      Alch/Erth      0%         N/A       99%         4
 Olgreb's Toxic Radiance  Alch           0%         N/A       99%         4
 Lee's Rapid Deconstruct  Erth           0%         3d4*      100%        5
 Yara's Violent Unravell  Hex/Alch       0%         3d3       100%        5
 Permafrost Eruption      Ice/Erth       0%         2x4d1     100%        6
 Enfeeble                 Hex            0%         N/A       100%        7


Dungeon Overview and Level Annotations

Branches:
Dungeon (6/15)
 Temple: D:4-7

Altars:
Kikubaaqudgha

Shops:
D:3 *


Innate Abilities, Weirdness & Mutations

You have a pair of horns on your head.
Your movements are slightly less encumbered by armour. (ER -2)
Spells you cast may paralyse adjacent enemies.
Your flesh is cold resistant. (rC+)
Your system is resistant to poisons. (rPois)
Your spells are a little harder to cast, but a little more powerful.


Message History

Your attacks no longer feel as feeble.
The gnoll misses you.
Things that are here:
a +0 club; a gnoll corpse You barely miss the gnoll.
The gnoll barely misses you.
The gnoll bouda gazes fiercely through you!
You feel your attacks grow feeble.
You hit the gnoll. You burn the gnoll.
The gnoll is moderately wounded.
The gnoll hits you with a +0 spear.
* * * LOW HITPOINT WARNING * * *
You slash the gnoll! You burn the gnoll.
You kill the gnoll!
You closely miss the gnoll bouda.
The gnoll bouda hits you with a +0 club.
* * * LOW HITPOINT WARNING * * *
You slash the gnoll bouda! You burn the gnoll bouda.
You headbutt the gnoll bouda.
The gnoll bouda is severely wounded.
The gnoll bouda hits you with a +0 club.
* * * LOW HITPOINT WARNING * * *
You hit the gnoll bouda but do no damage.
The gnoll bouda is severely wounded.
The gnoll bouda barely misses you.
You hit the gnoll bouda. You burn the gnoll bouda.
You kill the gnoll bouda!
Your attacks no longer feel as feeble.
You slash the sleepcap! You burn the sleepcap.
The sleepcap is moderately damaged.
The sleepcap closely misses you.
You hit the sleepcap but do no damage.
You headbutt the sleepcap, but do no damage.
The sleepcap is moderately damaged.
The sleepcap releases spores at you.
* * * LOW HITPOINT WARNING * * *
You are engulfed in a cloud of soporific spores!
You fall asleep.
The sleepcap barely misses you. x2
The sleepcap releases spores at you!
You die...

###.# #.# ..
....##########.# .####
###..........#.###....#
.
#.########.#...)#).#...#
###.# #.#..#.......#
....# #.#....###..#.#
##### #.#.#.## ..#
#.#.#f# # # #.#.#@# ##
#.#.#.# #.. .#####
#.#.#.# #.# # #....#####
#.#.#.# #.# .#
>###.....# #.#.#.# #.#
... ......##.###.#.#.#
#.# ....
.#.............#.#
#.##.....
.#.#..##.####.##.#
#......_.
...#..##.####.##.####.##


You could see a sleepcap.

Vanquished Creatures
  A black bear (D:5)
  A centaur (D:6)
  An ogre (D:5)
  A bullfrog (D:6)
  5 scorpions
  2 bombardier beetles
  2 hounds
  A jelly (D:6)
  A sleepcap (D:5)
  Crazy Yiuf (D:5)
  A gnoll bouda (D:6)
  An orc wizard (D:3)
  2 iguanas
  8 gnolls
  9 adders
  2 dart slugs
  4 ribbon worms (D:2)
  13 orcs
  3 ball pythons
  8 endoplasms
  3 giant cockroaches (D:1)
  4 goblins
  5 hobgoblins
  4 jackals (D:1)
  8 kobolds
  4 quokkas
  9 bats
  6 frilled lizards
  4 rats
114 creatures vanquished.

Notes
Turn   | Place    | Note
-------+----------+-------------------------------------------
     0 | D:1      | Adrian566 the Demonspawn Gladiator began the quest for the
                  | Orb.
     0 | D:1      | Reached XP level 1. HP: 16/16 MP: 1/1
   198 | D:1      | Reached skill level 3 in Long Blades
   206 | D:1      | Gained mutation: You have a pair of small horns on your
                  | head. [demonic ancestry]
   206 | D:1      | Reached XP level 2. HP: 13/22 MP: 2/2
   364 | D:1      | You fall into a shaft and drop 1 floor!
   470 | D:2      | HP: 1/22 [ribbon worm (3)]
   475 | D:2      | HP: 1/22 [ribbon worm (1)]
  1151 | D:2      | Gained mutation: Your movements are slightly less
                  | encumbered by armour. (ER -2) [demonic ancestry]
  1151 | D:2      | Reached XP level 3. HP: 27/27 MP: 3/3
  2772 | D:3      | Found Yphott's General Store.
  2901 | D:3      | Reached XP level 4. HP: 33/34 MP: 4/4
  3045 | D:3      | Reached skill level 4 in Long Blades
  3055 | D:3      | Gained mutation: You are robust. (+10% HP) [potion of
                  | mutation]
  3055 | D:3      | Gained mutation: Your system is resistant to poisons.
                  | (rPois) [potion of mutation]
  3055 | D:3      | Gained mutation: You have hidden genetic defects. [potion
                  | of mutation]
  3189 | D:3      | Lost mutation: Your system is resistant to poisons. (rPois)
                  | [potion of mutation]
  3189 | D:3      | Lost mutation: You are robust. (+10% HP) [potion of
                  | mutation]
  3189 | D:3      | Lost mutation: You have hidden genetic defects. [potion of
                  | mutation]
  3189 | D:3      | Gained mutation: You have an increased reservoir of magic.
                  | (+10% MP) [potion of mutation]
  3189 | D:3      | Gained mutation: You are occasionally teleported next to
                  | monsters. [potion of mutation]
  3189 | D:3      | Gained mutation: Your skin changes colour to match your
                  | surroundings (Stealth+). [potion of mutation]
  3422 | D:3      | Lost mutation: You have an increased reservoir of magic.
                  | (+10% MP) [potion of mutation]
  3422 | D:3      | Lost mutation: Your skin changes colour to match your
                  | surroundings (Stealth+). [potion of mutation]
  3422 | D:3      | Lost mutation: You are occasionally teleported next to
                  | monsters. [potion of mutation]
  3422 | D:3      | Gained mutation: You have a pair of horns on your head.
                  | [potion of mutation]
  3422 | D:3      | Gained mutation: Your spells are a little harder to cast,
                  | but a little more powerful. [potion of mutation]
  3601 | D:4      | Mutation became permanent: You have a pair of small horns
                  | on your head. [demonic ancestry]
  3601 | D:4      | Gained mutation: You have a pair of horns on your head.
                  | [demonic ancestry]
  3601 | D:4      | Reached XP level 5. HP: 40/40 MP: 5/5
  4089 | D:4      | Reached skill level 1 in Stealth
  4315 | D:4      | Lost mutation: Your spells are a little harder to cast, but
                  | a little more powerful. [potion of mutation]
  4315 | D:4      | Gained mutation: Your system is resistant to poisons.
                  | (rPois) [potion of mutation]
  4315 | D:4      | Gained mutation: Your spells are a little harder to cast,
                  | but a little more powerful. [potion of mutation]
  4315 | D:4      | Gained mutation: Your flesh is cold resistant. (rC+)
                  | [potion of mutation]
  4363 | D:5      | Entered Level 5 of the Dungeon
  4472 | D:5      | Reached skill level 5 in Long Blades
  4472 | D:5      | Reached XP level 6. HP: 40/47 MP: 6/6
  4925 | D:5      | Gained mutation: Spells you cast may paralyse adjacent
                  | enemies. [demonic ancestry]
  4925 | D:5      | Reached XP level 7. HP: 20/52 MP: 7/7
  5127 | D:5      | Reached skill level 6 in Long Blades
  5791 | D:5      | Found a runed translucent door.
  5792 | D:5      | Noticed Crazy Yiuf
  6204 | D:5      | Paralysed by Crazy Yiuf for 1 turns
  6206 | D:5      | Killed Crazy Yiuf
  6577 | D:6      | Reached XP level 8. HP: 10/60 MP: 8/8
  6837 | D:6      | Found an ancient bone altar of Kikubaaqudgha.
  6900 | D:6      | Reached skill level 7 in Long Blades
  6928 | D:6      | Slain by a sleepcap

Illustrated notes

Levels and vault maps discovered:
D:1:      lemuel_arrival_broad_hall, layout_basic, serial_rivers,
          chequers_serial_rivers_small_3, chequers_serial_rivers_marsh,
          chequers_serial_rivers_room_b, chequers_serial_rivers_micro_e,
          chequers_serial_rivers_large_a, chequers_serial_rivers_micro_d,
          grunt_decor_junction
D:2:      layout_basic, chequers_serial_rivers_marsh, roderic_lattice_a
D:3:      layout_rooms, nicolae_overflow_hidden_temple, serial_shops, shop,
          minmay_door_square
D:4:      layout_cave_pods, nicolae_tso_swordbearing_angel
D:5:      layout_basic, chequers_avenue, uniq_crazy_yiuf_cottage
D:6:      layout_loops_ring, lemuel_round_altar, minmay_temple_entry_arrows

Skill      XL: |  1  2  3  4  5  6  7  8 |
---------------+-------------------------+-----
Long Blades    | 3 4 5 6 7 |  7.2
Dodging        | 3 4 |  4.4
Fighting       | 3 4 |  4.4
Stealth        | 1 2 |  2.8
Throwing       | |  1.8
Armour         | |  0.6

Action                     |  1- 3 |  4- 6 |  7- 9 || total
---------------------------+-------+-------+-------++-------
  Melee: Long sword        |   143 |   104 |    86 ||   333
         Headbutt          |    18 |    16 |    16 ||    50
    Use: Potion            |     1 |     5 |     4 ||    10
         Scroll            |       |    12 |     3 ||    15
   Stab: Sleeping          |     1 |     3 |     1 ||     5
 Armour: Leather armour    |    95 |    64 |    79 ||   238
  Dodge: Dodged            |   100 |    85 |    95 ||   280

Table legend: (Time is in decaauts)
 A = Elapsed time spent in this place.
 B = Non-inter-level travel time spent in this place.
 C = Inter-level travel time spent in this place.
 D = Time resting spent in this place.
 E = Time spent auto-exploring this place.
 F = Levels seen in this place.
 G = Mean time per level.
                   A        B        C        D        E       F      G
               +--------+--------+--------+--------+--------+-----+--------+
         Total |   7015 |   6728 |    287 |   1342 |   4441 |   6 | 1169.2 |
       Dungeon |   7015 |   6728 |    287 |   1342 |   4441 |   6 | 1169.2 |
               +--------+--------+--------+--------+--------+-----+--------+

Top non-repeatable levels by time:
     D:5: 2091 daAuts
     D:2: 1684 daAuts
     D:1: 1119 daAuts
     D:3: 856 daAuts
     D:4: 770 daAuts
     D:6: 493 daAuts
